 Dungeon Crawl Stone Soup version 0.29.1-15-g9cfb28693d (webtiles) character file.

Game seed: 15145770577176846415

2594 McKennaii the Magician (level 9, 0/62 HPs)
             Began as a Demigod Earth Elementalist on Feb 25, 2023.
             Slain by a wyvern (15 damage)
             ... on level 7 of the Dungeon.
             The game lasted 00:09:18 (7959 turns).

McKennaii the Magician (Demigod Earth Elementalist) Turns: 7959, Time: 00:09:18

Health: 0/62       AC:  5    Str: 13    XL:     9   Next: 11%
Magic:  22/22      EV: 12    Int: 35    God:
Gold:   257        SH:  0    Dex: 15    Spells: 16/20 levels left

rFire   + . .      SeeInvis .   o - +7 shortbow "Meqe" {freeze, rF+ Will- Str+4 Int+10 Dex-3}
rCold   . . .      Faith    .   (shield currently unavailable)
rNeg    . . .      Spirit   .   a - +0 robe
rPois   +          Reflect  .   (no helmet)
rElec   .          Harm     .   t - +0 cloak
rCorr   .          Rampage  .   l - +0 pair of gloves
Will    .....                   h - +0 pair of boots
Stlth   ++........              (no amulet)
HPRegen 0.20/turn               m - ring of poison resistance
MPRegen 0.18/turn               (no ring)

@: no status effects
A: high MP 1, forlorn, divine attributes
a: no special abilities


You were on level 7 of the Dungeon.
You visited 1 branch of the dungeon, and saw 7 of its levels.

You collected 437 gold pieces.
You spent 180 gold pieces at shops.

Inventory:

Hand Weapons
 o - the +7 shortbow "Meqe" (weapon) {freeze, rF+ Will- Str+4 Int+10 Dex-3}
   (You found it on level 3 of the Dungeon)

   Any ammunition fired from it freezes those it strikes, dealing additional
   cold damage.
   It can also slow down cold-blooded creatures.
   Str:       It affects your strength (+4).
   Int:       It affects your intelligence (+10).
   Dex:       It affects your dexterity (-3).
   rF:        It protects you from fire.
   Will:      It decreases your willpower.
Missiles
 s - 2 throwing nets
Armour
 a - a +0 robe (worn)
 h - a +0 pair of boots (worn)
 l - a +0 pair of gloves (worn)
 t - a +0 cloak (worn)
Magical Staves
 n - a staff of air
Jewellery
 m - a ring of poison resistance (left hand)
Wands
 j - a wand of flame (14)
 k - a wand of paralysis (9)
 x - a wand of quicksilver (9)
Scrolls
 c - 7 scrolls of teleportation {unknown}
 f - 3 scrolls of fear {unknown}
 i - 5 scrolls of identify {unknown}
 q - 2 scrolls of vulnerability {unknown}
 u - a scroll of immolation {unknown}
 w - 2 scrolls of noise {unknown}
 y - a scroll of blinking {unknown}
 z - a scroll of poison {unknown}
Potions
 b - a potion of magic
 d - 5 potions of heal wounds
 e - 3 potions of berserk rage
 g - 3 potions of might {unknown}
 p - 3 potions of curing {unknown}
 r - 3 potions of invisibility
 v - 2 potions of lignification {unknown}


   Skills:
 * Level 6.3 Ranged Weapons
 - Level 1.7 Dodging
 - Level 1.7 Stealth
 + Level 6.4 Spellcasting
 + Level 5.9 Conjurations
 - Level 0.8 Transmutations
 - Level 4.1 Earth Magic


You had 16 spell levels left.
You knew the following spells:

 Your Spells              Type           Power      Damage    Failure   Level
a - Sandblast             Erth           80%        2d17      1%          1
b - Stone Arrow           Conj/Erth      92%        3d12      1%          3

Your spell library contained the following spells:

 Spells                   Type           Power      Damage    Failure   Level
 Passwall                 Tmut/Erth      23%        N/A       1%          2
 Sting                    Tmut/Pois      56%        1d5       3%          1
 Summon Small Mammal      Summ           44%        N/A       3%          1
 Wereblood                Tmut           17%        N/A       3%          2
 Ensorcelled Hibernation  Hex/Ice        22%        N/A       5%          2
 Poisonous Vapours        Pois/Air       22%        N/A       5%          2
 Sublimation of Blood     Necr           11%        N/A       5%          2
 Call Canine Familiar     Summ           11%        N/A       11%         3
 Gell's Gravitas          Tloc           11%        N/A       11%         3
 Inner Flame              Hex/Fire       11%        N/A       11%         3
 Summon Guardian Golem    Hex/Summ       11%        N/A       11%         3
 Swiftness                Air            11%        N/A       11%         3
 Teleport Other           Tloc           11%        N/A       11%         3
 Petrify                  Tmut/Erth      28%        N/A       13%         4
 Cause Fear               Hex            5%         N/A       34%         4
 Olgreb's Toxic Radiance  Pois           11%        N/A       34%         4
 Dispersal                Tloc           5%         N/A       99%         6
 Ozocubu's Refrigeration  Ice            5%         4d8       100%        7
 Summon Hydra             Summ           5%         N/A       100%        7
 Discord                  Hex            5%         N/A       100%        8
 Ignition                 Fire           5%         3d4       100%        8


Dungeon Overview and Level Annotations

Branches:
Dungeon (7/15)             Temple (0/1) D:5

Shops:
D:6 !


Innate Abilities, Weirdness & Mutations

You have an increased reservoir of magic. (+10% MP)
You shall have no god before yourself.
Your divine heritage dramatically boosts your attributes as you level up.


Message History

The arrow freezes the bullfrog.
The bullfrog is almost dead.
You shoot an arrow. The arrow hits the bullfrog.
The bullfrog seems to slow down.
The arrow freezes the bullfrog.
You kill the bullfrog!
There is a stone staircase leading down here.
An orc comes into view. It is wielding a +0 hand axe.
Found an escape hatch in the ceiling.
You shoot an arrow. The arrow hits the orc!
The arrow freezes the orc.
You kill the orc!
No target in view!
No target in view!
There is an escape hatch in the ceiling, spattered with blood here.
You see here a +0 hand axe.
You open the door.
There is an open door here.
You open the door.
Found 6 stones.
There is an open door here.
You now have 257 gold pieces (gained 18).
You open the door. As you open the door, it creaks loudly!
A wyvern comes into view.
The wyvern hisses angrily.
You shoot an arrow. The arrow hits the wyvern!
The arrow freezes the wyvern.
The wyvern is heavily wounded.
The wyvern bites you but does no damage.
You shoot an arrow. The arrow hits the wyvern.
The arrow freezes the wyvern.
The wyvern is severely wounded.
The wyvern bites you! The wyvern bites you!!
You are too injured to fight recklessly!
Fire: o) +7 shortbow "Meqe" {freeze, rF+ Will- Str+4 Int+10 Dex-3}
Press: ? - help, Q - select action, (/) - cycle Shift-Dir - straight line, f/p - wyvern
Aim: a wyvern (severely wounded, 69% to hit)
You shoot an arrow. The arrow hits the wyvern!
The arrow freezes the wyvern.
The wyvern is almost dead.
The wyvern bites you!
* * * LOW HITPOINT WARNING * * *
The wyvern bites you!
You die...

####### #.....#
########.....######
.......'...........
########.........#
# #.....(....#
#..........#######
#.........@l......
#..........#######
#..........#
#..........#
#########'## #.# #
#.# ### #+# ..#


You could see a wyvern.

Vanquished Creatures
  Pikel (D:3)
  Grinder (D:4)
  Edmund (D:4)
  A water moccasin (D:5)
  3 ice beasts
  A black bear (D:5)
  An ogre (D:5)
  A phantom (D:5)
  2 bullfrogs
  Blork the orc (D:5)
  4 scorpions
  3 orc priests
  3 hounds
  A jelly (D:4)
  Terence (D:3)
  7 iguanas
  3 orc wizards
  The ghost of
  112233 the Firebug, a weakling OpFE (D:3)
  Robin (D:4)
  3 gnolls (D:3)
  14 adders
  2 white imps (D:6)
  2 worms (D:2)
  4 dart slugs
  13 orcs
  7 ball pythons
  4 bats
  13 endoplasms
  2 giant cockroaches
  11 goblins
  7 hobgoblins
  4 jackals (D:5)
  8 kobolds
  5 quokkas
  5 frilled lizards
  3 rats
144 creatures vanquished.

Notes
Turn   | Place    | Note
-------+----------+-------------------------------------------
     0 | D:1      | McKennaii the Demigod Earth Elementalist began the quest
                  | for the Orb.
     0 | D:1      | Reached XP level 1. HP: 14/14 MP: 5/5
   533 | D:1      | Reached XP level 2. HP: 20/20 MP: 5/7
  1409 | D:2      | Reached XP level 3. HP: 26/26 MP: 6/9
  1532 | D:2      | Learned a level 3 spell: Stone Arrow
  1648 | D:2      | Identified the +3 robe of Hairiness {Dex+6}
  1757 | D:2      | You fall into a shaft and drop 1 floor!
  2052 | D:3      | Identified the +7 shortbow "Meqe" {freeze, rF+ Will- Str+4
                  | Int+10 Dex-3}
  2129 | D:3      | Reached XP level 4. HP: 18/33 MP: 11/11
  2384 | D:3      | Found a runed translucent door.
  2388 | D:3      | Noticed 112233's ghost (weakling OpFE)
  2392 | D:3      | Noticed Terence
  2397 | D:3      | Killed Terence
  2398 | D:3      | Reached XP level 5. HP: 38/38 MP: 11/13
  2611 | D:3      | Reached skill level 1 in Ranged Weapons
  2611 | D:3      | Reached skill level 1 in Conjurations
  3222 | D:3      | Killed 112233's ghost
  3319 | D:4      | Reached XP level 6. HP: 45/45 MP: 14/14
  3327 | D:4      | Noticed Pikel
  3355 | D:3      | Killed Pikel
  3356 | D:3      | Reached XP level 7. HP: 26/50 MP: 14/17
  3578 | D:4      | Noticed Grinder
  3582 | D:4      | Paralysed by Grinder for 4 turns
  3589 | D:4      | Paralysed by Grinder for 5 turns
  3595 | D:4      | Killed Grinder
  3974 | D:4      | Noticed Edmund
  3982 | D:4      | Killed Edmund
  3983 | D:4      | Reached skill level 5 in Spellcasting
  4404 | D:4      | Reached XP level 8. HP: 57/57 MP: 19/19
  4482 | D:4      | Noticed Robin
  4544 | D:4      | Killed Robin
  5152 | D:5      | Entered Level 5 of the Dungeon
  5197 | D:5      | Noticed Blork the orc
  5202 | D:5      | Killed Blork the orc
  5459 | D:5      | Found a staircase to the Ecumenical Temple.
  5525 | D:5      | Reached skill level 5 in Conjurations
  5562 | D:5      | Reached skill level 5 in Ranged Weapons
  7332 | D:6      | Reached XP level 9. HP: 27/62 MP: 22/22
  7659 | D:6      | Found Utyotz's Distillery.
  7662 | D:6      | Bought a potion of heal wounds for 60 gold pieces
  7662 | D:6      | Bought a potion of heal wounds for 60 gold pieces
  7662 | D:6      | Bought a potion of heal wounds for 60 gold pieces
  7959 | D:7      | Slain by a wyvern

Illustrated notes

Levels and vault maps discovered:
D:1:      dpeg_arrival_stone_temple_mockup, layout_loops_ring,
          shapermc_ecumenical_altar_petra
D:2:      layout_rooms
D:3:      layout_basic, fedhas_altar_fruit_tree, ebering_ghost_sewer_d,
          uniq_terence
D:4:      cheibrodos_quashed, layout_loops_corners, uniq_edmund, uniq_pikel,
          uniq_robin, uniq_grinder
D:5:      minmay_thinvault, layout_basic, minmay_temple_entry_slanted,
          minmay_holes, uniq_blork_the_orc
D:6:      layout_basic, nicolae_overflow_hallway_of_the_gods, serial_shops,
          kennysheep_mini_moat
D:7:      layout_basic, tso_metal_star, gammafunk_ghost_grave

Skill      XL: |  1  2  3  4  5  6  7  8 |
---------------+-------------------------+-----
Spellcasting   | 2 3 4 5 6 |  6.4
Earth Magic    | 3 4 |  4.1
Ranged Weapons | 1 3 4 6 |  6.3
Conjurations   | 1 3 4 5 |  5.9
Dodging        | |  1.7
Stealth        | |  1.7
Transmutations | |  0.8

Action                   |  1- 3 |  4- 6 |  7- 9 || total
-------------------------+-------+-------+-------++-------
Melee: Unarmed           |    16 |       |    29 ||    45
 Fire: Shortbow          |    12 |    85 |   193 ||   290
 Cast: Sandblast         |    56 |       |       ||    56
       Stone Arrow       |       |       |     7 ||     7
Evoke: Wand              |       |     1 |       ||     1
Armor: Robe              |    10 |    12 |    19 ||    41
Dodge: Dodged            |    24 |    29 |    61 ||   114
